 Dungeon Crawl Stone Soup version 0.28.0-53-g5a82cb258f (webtiles) character file.

Game seed: 16604281019115271761

54 Sin92 the Skirmisher (level 3, -1/29 HPs)
             Began as a Demonspawn Fighter on June 30, 2022.
             Slain by a gnoll
             ... wielding a +0 spear
              (3 damage)
             ... on level 3 of the Dungeon.
             The game lasted 00:01:22 (1273 turns).

Sin92 the Skirmisher (Demonspawn Fighter)           Turns: 1273, Time: 00:01:23

Health: -1/29      AC:  7    Str: 18    XL:     3   Next: 66%
Magic:  3/3        EV:  9    Int:  9    God:
Gold:   21         SH:  8    Dex: 12    Spells: 2/2 levels left

rFire   . . .      SeeInvis .   a - +0 war axe
rCold   . . .      Faith    .   c - +0 buckler
rNeg    . . .      Spirit   .   b - +0 scale mail
rPois   .          Reflect  .   (helmet restricted)
rElec   .          Harm     .   (no cloak)
rCorr   .          Rampage  .   (no gloves)
Will    .....                   i - +0 pair of boots
Stlth   ..........              (no amulet)
HPRegen 0.09/turn               (no ring)
MPRegen 0.08/turn               (no ring)

@: no status effects
A: antennae 1, condensation shield
a: no special abilities


You were on level 3 of the Dungeon.
You visited 1 branch of the dungeon, and saw 3 of its levels.

You collected 21 gold pieces.

Inventory:

Hand Weapons
 a - a +0 war axe (weapon)
Armour
 b - a +0 scale mail (worn)
 c - a +0 buckler (worn)
 i - a +0 pair of boots (worn)
Scrolls
 h - a scroll of amnesia
Potions
 d - a potion of might
 e - a potion of ambrosia {unknown}
 f - a potion of brilliance
 g - a potion of flight {unknown}
 j - a potion of heal wounds {unknown}
 k - a potion of invisibility {unknown}


   Skills:
 + Level 3.3 Fighting
 * Level 2.7 Axes
 + Level 3.0 Armour
 + Level 3.0 Shields


You had 2 spell levels left.
You didn't know any spells.
Your spell library contained the following spells:

 Spells                   Type           Power      Damage    Failure   Level
 Summon Small Mammal      Summ           0%         N/A       86%         1
 Alistair's Intoxication  Tmut/Pois      0%         N/A       100%        5
 Summon Mana Viper        Hex/Summ       0%         N/A       100%        5


Dungeon Overview and Level Annotations

Branches:
Dungeon (2/15)

Altars:

Shops:
D:3 [


Innate Abilities, Weirdness & Mutations

You have a pair of small antennae on your head.
A meltable shield of frost defends you. (SH +4)


Message History

The gnoll shouts! x2; You hear a shout!
There are monsters nearby!
Unknown command.
The bat hits you but does no damage.
A gnoll comes into view. It is wielding a +0 club.
Unknown command.
There are monsters nearby!
You closely miss the gnoll. You completely miss the bat.
You block the bat's attack. The gnoll hits you with a +0 whip.
Unknown command.
There are monsters nearby!
You hit the gnoll.
The gnoll is moderately wounded.
The bat closely misses you. You block the gnoll's attack.
The bat hits you but does no damage.
Unknown command.
There are monsters nearby!
You slash the gnoll!
You kill the gnoll!
You slash the bat!
You kill the bat!
The gnoll barely misses you.
The gnoll hits you from afar with a +0 spear!
Unknown command.
The gnoll barely misses you. You block the gnoll's attack.
Unknown command.
You hit the gnoll.
The gnoll is lightly wounded.
You hit the gnoll. The gnoll hits you with a +0 halberd!
The gnoll hits you with a +0 spear.
Unknown command.
You are too injured to fight recklessly!
Unknown command.
You are too injured to fight recklessly!
Unknown command.
You are too injured to fight recklessly!
The gnoll hits you from afar with a +0 halberd!
* * * LOW HITPOINT WARNING * * *
The gnoll hits you from afar with a +0 spear.
You die...

.. #. #.# .# #
###.##. . #.#.....
#. #.##.#.#..# # #.
........# ... ..
#.#.#†@###.!... #.
#.......gg.<(.. # #.
####..#)g.#.### #.#.
#.###.## #.#. #.#
... ### #... #.#
#####.## ###.
#.#######.#.## #.
#........###.######.
#######.## ##.......


You could see 3 gnolls.

Vanquished Creatures
  A gnoll (D:3)
  A worm (D:3)
  4 orcs (D:3)
  A ball python (D:1)
  2 bats
  2 endoplasms (D:1)
  2 giant cockroaches
  A goblin (D:1)
  2 hobgoblins
  8 jackals (D:1)
  4 kobolds
  A quokka (D:3)
  A frilled lizard (D:2)
  2 rats (D:1)
32 creatures vanquished.

Notes
Turn   | Place    | Note
-------+----------+-------------------------------------------
     0 | D:1      | Sin92 the Demonspawn Fighter began the quest for the Orb.
     0 | D:1      | Reached XP level 1. HP: 18/18 MP: 1/1
   222 | D:1      | Gained mutation: A meltable shield of frost defends you.
                  | (SH +4) [demonic ancestry]
   222 | D:1      | Reached XP level 2. HP: 17/24 MP: 2/2
   755 | D:1      | Got the Almanac of the Fifty Mice
   989 | D:2      | You fall into a shaft and drop 1 floor!
   998 | D:3      | Gained mutation: You have a pair of small antennae on your
                  | head. [demonic ancestry]
   998 | D:3      | Reached XP level 3. HP: 17/29 MP: 3/3
  1180 | D:3      | Found Seumuy's Armour Shop.
  1273 | D:3      | Slain by a gnoll

Illustrated notes

Levels and vault maps discovered:
D:1:      wander_arrival_desolate, layout_loops_ring, minmay_misc_feat_ornament
D:2:      layout_loops_ring, hellmonk_ecumenical_altar_run_dry, minivault_19,
          uniq_terence
D:3:      layout_loops_ring, serial_shops, shop, kennysheep_cluttered_room

Skill      XL: |  1  2  3 |
---------------+----------+-----
Axes           | 2 |  2.7
Armour         | 3 |  3.0
Shields        | 3 |  3.0
Fighting       | |  3.3

Action                   || total
-------------------------++-------
Melee: War axe           ||    75
  Use: Scroll            ||     3
Armor: Scale mail        ||    42
Dodge: Dodged            ||    38
Block: Buckler           ||    33
